 Dungeon Crawl Stone Soup version 0.29-a0-613-gf2c431b9b9 (webtiles) character file.

Game seed: 6436526840744340712

91 ytrimaz the Insei (level 4, -3/28 HPs)
             Began as an Octopode Transmuter on June 17, 2022.
             Slain by an orc priest
             ... wielding a +0 short sword
              (5 damage)
             ... on level 3 of the Dungeon.
             The game lasted 00:06:20 (3312 turns).

ytrimaz the Insei (Octopode Transmuter)             Turns: 3312, Time: 00:06:20

Health: -3/28      AC:  1    Str:  9    XL:     4   Next: 57%
Magic:  4/7        EV: 13    Int: 17    God:
Gold:   158        SH:  0    Dex: 12    Spells: 1/7 levels left

rFire   . . .      SeeInvis .     - Unarmed
rCold   . . .      Faith    .   (no shield)
rNeg    . . .      Spirit   .   (helmet restricted)
rPois   .          Reflect  .   (no amulet)
rElec   .          Harm     .   (no ring)
rCorr   .          Rampage  .   (no ring)
Will    .....                   (no ring)
Stlth   ++........              (no ring)
HPRegen 0.09/turn               (no ring)
MPRegen 0.10/turn               (no ring)
                                (no ring)
                                (no ring)

@: no status effects
A: almost no armour, amphibious, 8 rings, camouflage 1, gelatinous body 1,
(nimble swimmer 1), tentacles
a: no special abilities


You were on level 3 of the Dungeon.
You visited 1 branch of the dungeon, and saw 3 of its levels.

You collected 158 gold pieces.

Inventory:

Wands
 r - a wand of iceblast (6)
Scrolls
 c - a scroll of brand weapon
 j - a scroll of poison
 l - a scroll of amnesia {unknown}
 m - a scroll of summoning {unknown}
 o - a scroll of silence {unknown}
 q - a scroll of immolation {unknown}
Potions
 a - a potion of lignification
 b - a potion of degeneration {unknown}
 d - a potion of heal wounds
 e - a potion of might {unknown}
 f - 2 potions of mutation
 g - a potion of berserk rage {unknown}
 h - a potion of flight {unknown}
 i - 2 potions of haste
 k - 2 potions of curing
 n - a potion of ambrosia {unknown}
 p - a potion of invisibility {unknown}


   Skills:
 - Level 1.0 Fighting
 - Level 2.0 Dodging
 + Level 5.2 Unarmed Combat
 - Level 2.0 Spellcasting
 - Level 2.0 Transmutations


You had one spell level left.
You knew the following spells:

 Your Spells              Type           Power      Damage    Failure   Level
a - Beastly Appendage     Tmut           16%        N/A       9%          1
b - Wereblood             Tmut           8%         N/A       13%         2
c - Spider Form           Tmut/Pois      5%         N/A       36%         3

Your spell library contained the following spells:

 Spells                   Type           Power      Damage    Failure   Level
 Necrotize                Necr           4%         1d4       19%         1
 Dazzling Flash           Conj/Hex       2%         N/A       50%         3
 Vampiric Draining        Necr           1%         2d6       50%         3
 Ice Form                 Ice/Tmut       5%         N/A       77%         4
 Iskenderun's Mystic Bla  Conj/Tloc      1%         2d3       88%         4
 Agony                    Necr           1%         N/A       99%         5
 Starburst                Conj/Fire      0%         6d3       100%        6


Dungeon Overview and Level Annotations

Branches:
Dungeon (3/15)

Altars:


Innate Abilities, Weirdness & Mutations

You cannot wear most types of armour.
You are amphibious.
You can wear up to eight rings at the same time.
Your skin changes colour to match your surroundings (Stealth+).
Your rubbery body absorbs attacks. (AC +1, EV +1)
((You are camouflaged when in or above water. (Stealth+)))
You have tentacles for arms and can constrict up to eight enemies at once.


Message History

The spell is extremely dangerous to miscast (36% risk of failure)!
Continue anyway?
You turn into a venomous arachnid creature.
The orc priest calls upon Beogh to heal the orc.
The orc's wounds heal themselves!
Unknown command.
You completely miss the orc. The orc barely misses you.
You barely miss the orc.
Your transformation is almost over.
The orc misses you.
You hit the orc but do no damage.
The orc is poisoned.
The orc hits you but does no damage.
You hit the orc.
The orc looks as sick as possible!
The orc is heavily wounded.
You hit the orc but do no damage.
The orc looks as sick as possible!
The orc is heavily wounded.
The orc drinks a potion.
The orc is healed!
The orc looks more healthy.
The orc priest calls down the wrath of Beogh upon you.
Beogh smites you!
You hit the orc.
The orc is poisoned.
The orc is heavily wounded.
The orc hits you but does no damage.
You hit the orc but do no damage.
The orc looks as sick as possible!
The orc is heavily wounded.
You kill the orc!
You hit the orc.
The orc is poisoned.
The orc is moderately wounded.
The orc completely misses you.
The orc priest casts a cantrip, but nothing happens.
You hit the orc but do no damage.
The orc is severely wounded.
The orc barely misses you.
You hit the orc.
You kill the orc!
Your transformation has ended.
The orc priest mumbles some strange prayers to Beogh against you.
Beogh smites you!
* * * LOW HITPOINT WARNING * * *
You are too injured to fight recklessly!
The orc priest hits you with a +0 short sword.
You die...

#######... #..........
########## #..........
.........# #..........
########.# #.......... #.#
#.......... #.#
#.........# #)#
######........# ##.##
#...@o....#####
##...###.######..#
##.....## #.....#
#.......# #.##.##
##.....## #.##)# #
##...###.###.##.# ##
##.#.## #........##
.####....########.#...###
.'.......................+


You could see an orc priest.

Vanquished Creatures
  A gnoll (D:1)
  An adder (D:2)
  2 worms
  A dart slug (D:1)
  3 orcs (D:3)
  6 endoplasms
  7 goblins
  11 hobgoblins
  2 jackals (D:1)
  A quokka (D:2)
  5 ball pythons
  A bat (D:2)
  10 frilled lizards
  4 kobolds
  5 rats (D:1)
60 creatures vanquished.

Vanquished Creatures (others)
  7 plants (D:1)
7 creatures vanquished.

Grand Total: 67 creatures vanquished

Notes
Turn   | Place    | Note
-------+----------+-------------------------------------------
     0 | D:1      | ytrimaz the Octopode Transmuter began the quest for the
                  | Orb.
     0 | D:1      | Reached XP level 1. HP: 13/13 MP: 3/3
   309 | D:1      | Reached XP level 2. HP: 18/18 MP: 3/5
   545 | D:1      | Found a faded altar of an unknown god.
   557 | D:1      | Reached skill level 4 in Unarmed Combat
   557 | D:1      | Reached XP level 3. HP: 13/23 MP: 4/6
  1970 | D:2      | Learned a level 2 spell: Wereblood
  1974 | D:2      | Learned a level 3 spell: Spider Form
  2080 | D:2      | Reached XP level 4. HP: 17/28 MP: 5/7
  2401 | D:2      | Reached skill level 5 in Unarmed Combat
  3312 | D:3      | Slain by an orc priest

Illustrated notes

Levels and vault maps discovered:
D:1:      minmay_arrival_nine_rooms, layout_rooms, basic_ecumenical_altar,
          minmay_lizard_king
D:2:      layout_rooms, nrook_loot_triangle
D:3:      layout_loops_corners

Skill      XL: |  1  2  3  4 |
---------------+-------------+-----
Unarmed Combat | 4 5 |  5.2
Fighting       | |  1.0
Dodging        | |  2.0
Spellcasting   | |  2.0
Transmutations | |  2.0

Action                   |  1- 3 |  4- 6 || total
-------------------------+-------+-------++-------
Melee: Unarmed           |    82 |    47 ||   129
       Constrict         |    19 |     6 ||    25
       Tentacles         |    12 |       ||    12
       Kick              |    18 |    10 ||    28
       Punch             |     2 |       ||     2
 Cast: Beastly Appendage |    16 |    11 ||    27
       Spider Form       |       |     2 ||     2
  Use: Scroll            |     4 |     4 ||     8
       Potion            |     1 |     1 ||     2
 Stab: Sleeping          |     1 |     1 ||     2
Armor: Skin              |    10 |     4 ||    14
Dodge: Dodged            |    57 |    25 ||    82

Table legend: (Time is in decaauts)
 A = Elapsed time spent in this place.
 B = Non-inter-level travel time spent in this place.
 C = Inter-level travel time spent in this place.
 D = Time resting spent in this place.
 E = Time spent auto-exploring this place.
 F = Levels seen in this place.
 G = Mean time per level.
                   A        B        C        D        E       F      G
               +--------+--------+--------+--------+--------+-----+--------+
         Total |   3301 |   3264 |     37 |    180 |   2549 |   3 | 1100.3 |
       Dungeon |   3301 |   3264 |     37 |    180 |   2549 |   3 | 1100.3 |
               +--------+--------+--------+--------+--------+-----+--------+

Top non-repeatable levels by time:
     D:1: 1933 daAuts
     D:2: 799 daAuts
     D:3: 568 daAuts
